 Dungeon Crawl Stone Soup version 0.23.2-1-ga50397a6bc (webtiles) character file.

Game seed: 5560510228843093843

88 Peloso the Shield-Bearer (level 4, -1/40 HPs)
             Began as a Minotaur Fighter on May 30, 2019.
             Slain by Natasha (7 damage)
             ... on level 2 of the Dungeon.
             The game lasted 00:02:18 (1298 turns).

Peloso the Shield-Bearer (Minotaur Fighter)         Turns: 1298, Time: 00:02:19

Health: -1/40      AC:  9    Str: 21    XL:     4   Next: 30%
Magic:  3/3        EV:  5    Int:  5    God:
Gold:   46         SH:  9    Dex: 10    Spells: 3/3 levels left

rFire    . . .     SeeInvis .   a - +0 long sword
rCold    . . .     Gourm    .   c - +0 shield
rNeg     . . .     Faith    .   i - +0 chain mail
rPois    .         Spirit   .   (helmet restricted)
rElec    .         Reflect  .   (no cloak)
rCorr    .         Harm     .   (no gloves)
MR       .....                  (no boots)
Stlth    ..........             (no amulet)
HPRegen  0.13/turn              h - ring of stealth
MPRegen  0.08/turn              (no ring)

@: slowed, very slow
A: retaliatory headbutt, horns 2
a: no special abilities


You were on level 2 of the Dungeon.
You were not hungry.

You visited 1 branch of the dungeon, and saw 2 of its levels.

You collected 46 gold pieces.

Inventory:

Hand Weapons
 a - a +0 long sword (weapon)
Armour
 b - a +0 scale mail
 c - a +0 shield (worn)
 i - a +0 chain mail (worn)
Jewellery
 h - a ring of stealth (left hand)
Wands
 l - a wand of polymorph (5)
Scrolls
 e - a scroll of amnesia {unknown}
 g - a scroll of magic mapping {unknown}
 j - a scroll of fear {unknown}
 k - a scroll of noise {unknown}
 m - a scroll of enchant weapon {unknown}
 n - 2 scrolls of identify {unknown}
Potions
 d - 2 potions of might
 p - a potion of resistance {unknown}
Comestibles
 f - 7 rations
 o - a chunk of flesh


   Skills:
 + Level 4.3 Fighting
 + Level 3.7 Long Blades
 + Level 4.2 Armour
 + Level 0.3 Dodging
 + Level 4.3 Shields


You had 3 spell levels left.
You didn't know any spells.
Your spell library was empty.

Dungeon Overview and Level Annotations

Branches:
Dungeon (2/15)

Altars:

Annotations:
D:2 Natasha


Innate Abilities, Weirdness & Mutations

You reflexively headbutt those who attack you in melee.
You have a pair of horns on your head.


Message History

Natasha shimmers violently.
A bat comes into view.
Natasha stares at you and mumbles some strange words.
The magic dart hits you.
* * * LOW HITPOINT WARNING * * *
You closely miss the rat. The bat hits you but does no damage.
You block the rat's attack. The rat barely misses you. You furiously retaliate!
You headbutt the rat!
You kill the rat!
The bat barely misses you.
You slash Natasha!
Natasha is heavily wounded.
You block the bat's attack. The bat hits you but does no damage.
Natasha stares at you and mumbles some strange words.
You feel yourself slow down. Natasha claws you but does no damage.
Unknown command.
You hit Natasha. Your headbutt misses Natasha.
Natasha is almost dead.
The bat hits you but does no damage. Natasha claws you!
You die...

#. #......# #.
#......# #.
#......#
#.####......#
#...........#
#...###.....#
#...#.......#
###'#.b.#.#.##.##
......h@#.#.##.#
........# #[...#
##......#.#'#####
........#.......#
##......#.....#.#
..#.#.........#.#
#.#.#####.....#.#
# ..'.....#.# #.
###.....#.#


You could see Natasha and a bat.

Vanquished Creatures
  Natasha (D:2)
  3 adders (D:2)
  2 dart slugs
  A leopard gecko (D:2)
  5 bats
  A giant cockroach (D:2)
  3 goblins (D:1)
  4 hobgoblins
  5 frilled lizards (D:2)
  4 kobolds
  8 rats
37 creatures vanquished.

Notes
Turn   | Place    | Note
-------+----------+-------------------------------------------
     0 | D:1      | Peloso the Minotaur Fighter began the quest for the Orb.
     0 | D:1      | Reached XP level 1. HP: 19/19 MP: 0/0
   162 | D:1      | Reached XP level 2. HP: 24/27 MP: 1/1
  1064 | D:2      | Reached XP level 3. HP: 24/33 MP: 2/2
  1099 | D:2      | Noticed Natasha
  1107 | D:2      | Killed Natasha
  1180 | D:2      | Reached XP level 4. HP: 28/40 MP: 3/3
  1292 | D:2      | Noticed Natasha
  1298 | D:2      | Slain by Natasha

Skill      XL: |  1  2  3 |
---------------+----------+-----
Fighting       | 4 |  4.3
Shields        | 4 |  4.3
Long Blades    | 3 |  3.7
Armour         | 4 |  4.2
Dodging        | |  0.3

Action                   |  1- 3 |  4- 6 || total
-------------------------+-------+-------++-------
Melee: Long sword        |    83 |    21 ||   104
       Headbutt          |     5 |     3 ||     8
  Eat: Chunk             |       |     1 ||     1
Armor: Scale mail        |    19 |       ||    19
       Chain mail        |    37 |    10 ||    47
Dodge: Dodged            |    36 |     4 ||    40
Block: Shield            |    50 |    15 ||    65
       Rpst.: Long sword |     6 |       ||     6
